 Dungeon Crawl Stone Soup version 0.18.1-48-g4cf74bf (webtiles) character file.

121 Joat the Skirmisher (level 4, 0/39 HPs)
             Began as a Demonspawn Abyssal Knight on July 27, 2016.
             Was a Believer of Lugonu.
             Slain by an orc
             ... wielding a +0 trident
              (2 damage)
             ... on level 3 of the Dungeon.
             The game lasted 00:19:24 (2344 turns).

Joat the Skirmisher (Demonspawn Abyssal Knight)     Turns: 2344, Time: 00:19:25

Health: 0/39       AC:  7    Str: 14    XL:     4   Next: 76%
Magic:  5/5        EV: 10    Int: 13    God:    Lugonu [**....]
Gold:   117        SH:  0    Dex: 12    Spells: 0 memorised, 3 levels left

rFire  + . .     SeeInvis .     G - +0 flail
rCold  + . .     Gourm    .     t - +1 scale mail {rC+}
rNeg   . . .     Faith    .     (no shield)
rPois  .         Spirit   .     (no helmet)
rElec  .         Dismiss  .     (no cloak)
rCorr  .         Reflect  .     (no gloves)
SustAt .         Harm     .     (no boots)
MR     .....                    (no amulet)
Stlth  ..........               x - ring of protection from fire
                                E - ring of loudness (curse)

@: not resistant to hostile enchantments, extremely unstealthy
A: powered by pain 1, sturdy frame 1
a: Depart the Abyss, Bend Space, Renounce Religion


You were on level 3 of the Dungeon.
You worshipped Lugonu.
Lugonu was pleased with you.
You were not hungry.

You visited 1 branch of the dungeon, and saw 3 of its levels.
You visited the Abyss 1 time.

You collected 117 gold pieces.

Inventory:

Hand Weapons
 a - a +1 spear
 q - a +0 club
 r - a +0 hunting sling
 G - a +0 flail (weapon)
Missiles
 k - 16 poisoned needles
 s - 69 stones
 D - 44 bolts
 F - 17 arrows
 H - 6 tomahawks (quivered)
Armour
 b - a +0 leather armour
 t - a +1 scale mail of cold resistance (worn)
Jewellery
 e - an uncursed ring of magical power
 p - an uncursed ring of magical power
 x - a ring of protection from fire (right hand)
 E - a cursed ring of loudness (left hand)
Scrolls
 f - a scroll of enchant armour {unknown}
 l - 2 scrolls of fear {unknown}
 u - 2 scrolls of teleportation {unknown}
 v - 2 scrolls of immolation {unknown}
 w - a scroll of remove curse {unknown}
 y - 3 scrolls of identify {unknown}
Potions
 g - a potion of invisibility
 h - 4 potions of degeneration {unknown}
 i - 2 potions of brilliance {unknown}
 m - a potion of resistance {unknown}
 n - 2 potions of heal wounds {unknown}
 o - 2 potions of cure mutation {unknown}
 A - a potion of curing {unknown}
 B - a potion of haste {unknown}
Comestibles
 c - 3 bread rations
 d - a beef jerky
 j - 2 meat rations
 z - a royal jelly
 C - 6 chunks of flesh


   Skills:
 - Level 5.4 Fighting
 - Level 1.9 Polearms
 + Level 1.8 Armour
 - Level 0.8 Dodging
 - Level 2.5 Invocations


You had 3 spell levels left.
You didn't know any spells.

Dungeon Overview and Level Annotations

Branches:
Dungeon (3/15)

Altars:


Innate Abilities, Weirdness & Mutations

You sometimes gain a little power by taking damage.
Your movements are slightly less encumbered by armour (ER -2).


Message History

Some of the chunks of flesh in your inventory have rotted away.
You are too injured to fight recklessly!
You are too injured to fight recklessly!
You are too injured to fight recklessly!
You are too injured to fight recklessly!
You are too injured to fight recklessly!
You are too injured to fight recklessly!
You are too injured to fight recklessly!
You hit the orc but do no damage.
The orc is severely wounded.
The orc hits you but does no damage.
You completely miss the orc.
The orc is severely wounded.
The orc hits you with a trident.
* * * LOW HITPOINT WARNING * * *
The orc hits you but does no damage.
You hit the orc but do no damage.
The orc is heavily wounded.
The orc hits you with a trident.
You die...

.####........#..##...........#
.............#<.##...........#
.####........#..##...........#
.# #........#..##...........#
.# #........#[.##...........#
.# ########.#..##...........#
## #......^.#.####.######
#[.......#+####.#
#.......@o...# ####.#=#).<..#
.....#.....# .......#.....#
...$....#.)...#
#####.#.#.)...# #.#.####.##
#.#. ..


You could see an orc.

Vanquished Creatures
  4 adders
  4 dart slugs
  A giant gecko (D:2)
  An orc (D:3)
  10 bats
  3 giant cockroaches
  9 goblins
  7 hobgoblins
  10 jackals
  3 quokkas
  3 giant newts
  5 kobolds
  9 rats
69 creatures vanquished.

Notes
Turn   | Place    | Note
--------------------------------------------------------------
     0 | Abyss:1  | Joat the Demonspawn Abyssal Knight began the quest for the Orb.
     0 | Abyss:1  | Reached XP level 1. HP: 18/18 MP: 2/2
    20 | Abyss:1  | Noticed a rust devil
    35 | D:1      | Escaped the Abyss
   165 | D:1      | Reached * piety under Lugonu
   165 | D:1      | Gained mutation: You sometimes gain a little power by taking damage. [demonic ancestry]
   165 | D:1      | Reached XP level 2. HP: 22/24 MP: 3/3
   565 | D:1      | Reached skill level 4 in Fighting
   639 | D:1      | Gained mutation: Your movements are slightly less encumbered by armour (ER -2). [demonic ancestry]
   639 | D:1      | Reached XP level 3. HP: 26/30 MP: 4/4
  1341 | D:2      | Found a faded altar to an unknown god.
  1350 | D:2      | Reached ** piety under Lugonu
  1741 | D:2      | Reached XP level 4. HP: 38/38 MP: 5/5
  1971 | D:3      | Reached skill level 5 in Fighting
  2344 | D:3      | Slain by an orc

Skill      XL: |  1  2  3  4 |
---------------+-------------+-----
Fighting       | 4 5 |  5.4
Polearms       | |  1.9
Armour         | |  1.8
Dodging        | |  0.8
Invocations    | |  2.5

Action                   |  1- 3 |  4- 6 || total
-------------------------+-------+-------++-------
Melee: Spear             |   141 |   118 ||   259
       Flail             |       |    17 ||    17
Throw: Stone             |    10 |       ||    10
Invok: Depart the Abyss  |     1 |       ||     1
  Use: Potion            |     1 |       ||     1
  Eat: Chunk             |     3 |     2 ||     5
Armor: Leather armour    |    18 |       ||    18
       Scale mail        |    23 |    81 ||   104
Dodge: Dodged            |    62 |   110 ||   172
